 Dungeon Crawl Stone Soup version 0.25.1-8-g42b30a86e7 (webtiles) character file.

Game seed: 17532726733163153445

74 Destapler the Sneak (level 4, 0/23 HPs)
             Began as a Spriggan Assassin on Dec 11, 2020.
             Slain by a bat (1 damage)
             ... on level 2 of the Dungeon.
             The game lasted 00:03:29 (1709 turns).

Destapler the Sneak (Spriggan Assassin)             Turns: 1709, Time: 00:03:30

Health: 0/23       AC:  3    Str:  7    XL:     4   Next: 9%
Magic:  5/5        EV: 17    Int: 12    God:
Gold:   21         SH:  0    Dex: 18    Spells: 3/3 levels left

rFire    . . .     SeeInvis +   a - +2 dagger
rCold    . . .     Gourm    .   (shield restricted)
rNeg     . . .     Faith    .   b - +0 robe
rPois    .         Spirit   .   (helmet restricted)
rElec    .         Reflect  .   c - +0 cloak
rCorr    .         Harm     .   (gloves unavailable)
MR       .....                  (boots unavailable)
Stlth    +++.......             (no amulet)
HPRegen  0.07/turn              (no ring)
MPRegen  0.09/turn              (no ring)

@: very quick
A: very small, unfitting armour, see invisible, herbivore, speed 3, slow
metabolism 2
a: no special abilities


You were on level 2 of the Dungeon.
You were not hungry.

You visited 1 branch of the dungeon, and saw 2 of its levels.

You collected 21 gold pieces.

Inventory:

Hand Weapons
 a - a +2 dagger (weapon)
Missiles
 d - 21 poisoned darts (quivered)
 e - 4 curare-tipped darts
Armour
 b - a +0 robe (worn)
 c - a +0 cloak (worn)
Jewellery
 g - a +4 ring of evasion {unknown}
Scrolls
 j - a scroll of enchant armour {unknown}
 k - a scroll of remove curse {unknown}
 l - a scroll of immolation {unknown}
Potions
 h - a potion of stabbing {unknown}
 i - a potion of might {unknown}
 m - a potion of invisibility {unknown}
 n - a potion of resistance {unknown}
Comestibles
 f - 3 rations


   Skills:
 + Level 2.8 Fighting
 + Level 3.7 Short Blades
 - Level 2.0 Throwing
 - Level 1.5 Dodging
 - Level 5.8 Stealth


You had 3 spell levels left.
You didn't know any spells.
Your spell library was empty.

Dungeon Overview and Level Annotations

Branches:
Dungeon (2/15)

Altars:


Innate Abilities, Weirdness & Mutations

You are very small and have problems with some larger weapons.
You are too small for most types of armour.
You have supernaturally acute eyesight. (SInv)
You are a herbivore.
You cover ground extremely quickly.
You need to consume almost no food.


Message History

You hit the worm.
The worm is heavily wounded.
The bat hits you but does no damage.
You hit the worm.
The worm is severely wounded.
The bat barely misses you. The worm closely misses you.
You hit the worm.
The worm is severely wounded.
The bat completely misses you.
You hit the worm.
The worm is almost dead.
The bat closely misses you. The worm bites you!
Ouch! That really hurt!
* * * LOW HITPOINT WARNING * * *
The bat hits you but does no damage.
A frilled lizard and an orc come into view.
The bat closely misses you. The bat closely misses you. The bat hits you.
You die...

....# #... #####
######.# #....
#####......# #....
#8.....)...# #....
#####...)..######....
######......'.>..
#.##########..#####....
#l....@b...w..# #....
#....?#........# ###+##
+...? +.........# #...#
#... #..........##...#
#.. #........#.##...##
.. ..####....#..#.....
. ..o #######+###.##
... #.........#
#...^.....#


You could see a worm, an orc, a bat and a frilled lizard (asleep).

Vanquished Creatures
  A gnoll (D:1)
  An adder (D:2)
  A worm (D:2)
  5 orcs (D:2)
  A giant cockroach (D:2)
  5 goblins
  4 hobgoblins
  3 jackals (D:2)
  6 kobolds
  3 quokkas (D:2)
  2 ball pythons
  6 bats (D:1)
  3 frilled lizards
  5 rats
46 creatures vanquished.

Notes
Turn   | Place    | Note
-------+----------+-------------------------------------------
     0 | D:1      | Destapler the Spriggan Assassin began the quest for the
                  | Orb.
     0 | D:1      | Reached XP level 1. HP: 10/10 MP: 2/2
   266 | D:1      | Reached XP level 2. HP: 15/15 MP: 3/3
   744 | D:1      | Reached XP level 3. HP: 18/18 MP: 4/4
  1617 | D:2      | Reached XP level 4. HP: 23/23 MP: 5/5
  1704 | D:2      | HP: 1/23 [worm (12)]
  1709 | D:2      | Slain by a bat

Illustrated notes

Levels and vault maps discovered:
D:1:      dpeg_arrival_court, layout_basic
D:2:      layout_basic, first_ration, chequers_jeans

Skill      XL: |  1  2 |
---------------+-------+-----
Fighting       | 2 |  2.8
Short Blades   | 3 |  3.7
Throwing       | |  2.0
Dodging        | |  1.5
Stealth        | |  5.8

Action                   |  1- 3 |  4- 6 || total
-------------------------+-------+-------++-------
Melee: Dagger            |   168 |    29 ||   197
 Stab: Sleeping          |    13 |     1 ||    14
Armor: Robe              |    21 |     6 ||    27
Dodge: Dodged            |   105 |    34 ||   139
